 Dungeon Crawl Stone Soup version 0.29-a0-723-gce39da1c22 (webtiles) character file.

Game seed: 3970876962010640863

7765 Gwenloh the Fighter (level 11, -3/99 HPs)
             Began as a Hill Orc Fighter on June 27, 2022.
             Was a Follower of Uskayaw.
             Slain by an orc warrior
             ... wielding a +0 glaive
              (8 damage)
             ... in a bailey on June 28, 2022.
             The game lasted 00:24:40 (10425 turns).

Gwenloh the Fighter (Hill Orc Fighter)             Turns: 10425, Time: 00:24:41

Health: -3/99      AC: 22    Str: 20    XL:     11   Next: 20%
Magic:  17/17      EV: 11    Int:  8    God:    Uskayaw [*.....]
Gold:   390        SH:  6    Dex: 14    Spells: 10/10 levels left

rFire   . . .      SeeInvis .   a - +10 morningstar "Eos" {elec, Halo rElec}
rCold   . . .      Faith    .   c - +0 buckler
rNeg    + . .      Spirit   .   K - +2 chain mail {rN+}
rPois   .          Reflect  .   x - +0 helmet
rElec   +          Harm     .   M - +0 cloak
rCorr   .          Rampage  .   m - +2 pair of gloves
Will    +....                   P - +1 pair of boots
Stlth   ..........              (no amulet)
HPRegen 0.26/turn               j - +4 ring of evasion
MPRegen 0.15/turn               C - ring of willpower

@: glowing
A: no striking features
a: Renounce Religion, Stomp


You were in a bailey.
You worshipped Uskayaw.
Uskayaw was aware of your devotion.
You visited 1 branch of the dungeon, and saw 10 of its levels.
You also visited: Bailey.

You collected 390 gold pieces.

Inventory:

Hand Weapons
 a - the +10 morningstar "Eos" (weapon) {elec, Halo rElec}
   (You found it on level 6 of the Dungeon)

   It occasionally discharges a powerful burst of electricity upon striking a
   foe.
   It grants its wielder a halo, increasing accuracy against those within it.
   rElec:     It insulates you from electricity.
 w - a +0 flail
 H - a +0 war axe
 S - a +0 trident
Missiles
 h - 55 stones
 u - 11 javelins
Armour
 c - a +0 buckler (worn)
 m - a +2 pair of gloves (worn)
 x - a +0 helmet (worn)
 K - a +2 chain mail of positive energy (worn)
 M - a +0 cloak (worn)
 P - a +1 pair of boots (worn)
 Q - +0 steam dragon scales
 R - a +0 crystal plate armour
Jewellery
 e - a ring of resist corrosion
 j - a +4 ring of evasion (left hand)
 t - a ring of protection from fire
 C - a ring of willpower (right hand)
 J - a ring of see invisible
Wands
 q - a wand of digging (11)
 N - a wand of iceblast (5)
Scrolls
 k - a scroll of identify
 l - a scroll of immolation
 o - a scroll of amnesia
 p - a scroll of vulnerability
 s - a scroll of enchant armour
 y - 2 scrolls of teleportation
 B - 2 scrolls of fear
 F - a scroll of silence
 G - a scroll of fog
 L - a scroll of torment
 O - a scroll of poison {unknown}
Potions
 d - a potion of might
 f - 2 potions of ambrosia {unknown}
 g - 2 potions of brilliance {unknown}
 i - 2 potions of resistance {unknown}
 n - 2 potions of flight {unknown}
 r - a potion of degeneration {unknown}
 v - a potion of cancellation {unknown}
 z - a potion of curing {unknown}
 A - a potion of heal wounds {unknown}
 D - 2 potions of lignification {unknown}
 E - 2 potions of mutation {unknown}
 I - 2 potions of berserk rage {unknown}


   Skills:
 + Level 10.0 Fighting
 - Level 5.7(8.0) Axes
 + Level 7.1(7.8) Maces & Flails
 + Level 9.2 Armour
 + Level 9.2 Shields
 + Level 9.2 Invocations


You had 10 spell levels left.
You didn't know any spells.
Your spell library contained the following spells:

 Spells                   Type           Power      Damage    Failure   Level
 Apportation              Tloc           0%         N/A       99%         1
 Confusing Touch          Hex            0%         N/A       100%        3
 Alistair's Intoxication  Tmut/Pois      0%         N/A       100%        5
 Fireball                 Conj/Fire      0%         3d3       100%        5
 Yara's Violent Unravell  Hex/Tmut       0%         3d3       100%        5
 Starburst                Conj/Fire      0%         6d3       100%        6
 Enfeeble                 Hex            0%         N/A       100%        7
 Ignition                 Fire           0%         3d3       100%        8


Dungeon Overview and Level Annotations

Branches:
Dungeon (10/15)            Temple (0/1) D:4          Bailey (1/1)
   Lair: D:8-11         Orc: D:9-12

Altars:
Dithmenos
Qazlal
Uskayaw
Vehumet


Message History

The centaur is almost dead.
The centaur barely misses you. You block the centaur's attack.
The centaur closely misses you.
The centaur kicks you but does no damage.
Uskayaw will force your foes to helplessly watch your dance.
Uskayaw prepares the audience for your solo!
The helpless centaur fails to defend itself.
You bludgeon the centaur!!
You kill the centaur!
u - 11 javelins (gained 3)
Things that are here:
a +0 trident; a +0 scale mail; a centaur corpse An orc warrior comes into view.
It is wielding a +0 glaive.
The orc warrior shouts! x2
The orc warrior barely misses you. The orc warrior misses you.
The orc warrior hits you from afar with a +0 spear.
You can no longer pass through a line of other dancers.
You hit the orc warrior but do no damage.
The orc warrior completely misses you.
The orc warrior hits you from afar with a +0 spear.
You completely miss the orc warrior. You block the orc warrior's attack.
The orc warrior hits you from afar with a +0 spear!
You puncture the orc warrior!
The orc warrior is severely wounded.
The orc warrior hits you with a +0 glaive!
The orc warrior hits you from afar with a +0 spear!
* * * LOW HITPOINT WARNING * * *
You barely miss the orc warrior.
The orc warrior is heavily wounded.
The orc warrior hits you but does no damage.
The orc warrior hits you from afar with a +0 spear!
* * * LOW HITPOINT WARNING * * *
The orc warrior hits you with a +0 glaive!
* * * LOW HITPOINT WARNING * * *
The orc warrior hits you from afar with a +0 spear!
* * * LOW HITPOINT WARNING * * *
The orc warrior attacks as you move away!
The orc warrior hits you with a +0 glaive!
You die...

###############
##≈≈≈≈≈≈≈≈≈≈≈≈≈≈
##≈≈≈≈≈≈≈≈≈≈≈≈≈≈≈
##≈≈≈≈≈≈≈≈@oo....≈ #
#≈≈≈≈≈≈≈..≈≈≈≈≈≈≈..≈≈≈≈≈≈≈#
#≈≈≈≈≈..≈≈≈.....≈≈≈..≈≈≈≈≈#
#≈≈≈≈.≈≈≈.........≈≈≈.≈≈≈≈#
#≈≈≈≈.≈.............≈.≈≈≈≈#
#≈≈≈.≈≈.⌠.........⌠.≈≈.≈≈≈#
#≈≈≈)≈...............≈.≈≈≈#
#≈≈.≈≈)...≈≈≈≈≈≈≈....≈≈)≈≈#
#≈≈)≈..)≈≈≈≈≈≈≈≈≈≈≈...#####


You could see 2 orc warriors.

Vanquished Creatures
  A two-headed ogre (D:9)
  The ghost of Haaias the Fighter, a novice MiBe of Trog (D:9)
  Maurice (D:8)
  Joseph (D:7)
  A troll (D:8)
  2 hornets
  4 yaks
  2 steam dragons
  An acid dragon (D:9)
  A water moccasin (D:9)
  3 sky beasts
  8 orc warriors
  2 ogres
  14 centaurs
  2 phantoms
  6 bullfrogs
  A scorpion (D:5)
  A necrophage (D:6)
  13 killer bees (D:8)
  3 howler monkeys (D:7)
  3 jellies
  5 hounds
  An orc priest (D:7)
  3 iguanas
  4 orc wizards
  3 gnolls (D:5)
  5 adders
  A shadow imp (D:5)
  3 white imps
  4 worms
  2 dart slugs
  33 orcs
  3 endoplasms
  3 giant cockroaches
  7 goblins
  6 hobgoblins
  3 jackals (D:1)
  11 kobolds
  4 quokkas
  7 ball pythons
  2 bats (D:3)
  2 frilled lizards (D:1)
  6 rats
189 creatures vanquished.

Vanquished Creatures (others)
  An orc (Bailey)
  2 withered plants (D:9)
3 creatures vanquished.

Grand Total: 192 creatures vanquished

Notes
Turn   | Place    | Note
-------+----------+-------------------------------------------
     0 | D:1      | Gwenloh the Hill Orc Fighter began the quest for the Orb.
     0 | D:1      | Reached XP level 1. HP: 19/19 MP: 1/1
   122 | D:1      | Found a faded altar of an unknown god.
   181 | D:1      | Reached XP level 2. HP: 27/27 MP: 2/2
   703 | D:1      | You fall into a shaft and drop 1 floor!
   747 | D:2      | Reached skill level 4 in Fighting
   799 | D:2      | Reached XP level 3. HP: 28/33 MP: 3/3
  1512 | D:2      | Reached XP level 4. HP: 40/40 MP: 4/4
  2730 | D:4      | Reached XP level 5. HP: 36/47 MP: 5/5
  2825 | D:4      | Found a hide-covered altar of Uskayaw.
  2844 | D:4      | Noticed a phantom
  2875 | D:4      | Killed a phantom
  2879 | D:4      | Became a worshipper of Uskayaw the Reveller
  2985 | D:4      | Found a staircase to the Ecumenical Temple.
  3039 | D:4      | Reached * piety under Uskayaw
  3042 | D:4      | Reached ** piety under Uskayaw
  3043 | D:4      | Reached skill level 5 in Fighting
  3043 | D:4      | Reached XP level 6. HP: 50/56 MP: 6/6
  3048 | D:4      | Reached *** piety under Uskayaw
  3056 | D:4      | Reached **** piety under Uskayaw
  3843 | D:5      | Entered Level 5 of the Dungeon
  4026 | D:5      | Reached skill level 5 in Axes
  4026 | D:5      | Reached skill level 1 in Invocations
  4132 | D:5      | Reached skill level 5 in Armour
  4132 | D:5      | Reached skill level 5 in Shields
  4132 | D:5      | Reached XP level 7. HP: 33/61 MP: 6/8
  4561 | D:5      | Found a stormy altar of Qazlal.
  4638 | D:5      | Found a shadowy altar of Dithmenos.
  5122 | D:6      | Found the +10 morningstar "Eos" {elec, Halo rElec}
  5160 | D:6      | Noticed a hornet
  5165 | D:6      | Killed a hornet
  5166 | D:6      | Reached skill level 6 in Fighting
  5166 | D:6      | Reached skill level 1 in Maces & Flails
  5166 | D:6      | Reached XP level 8. HP: 44/70 MP: 10/10
  6208 | D:7      | Noticed Joseph
  6217 | D:7      | Killed Joseph
  6218 | D:7      | Reached skill level 7 in Fighting
  6403 | D:7      | Reached skill level 5 in Invocations
  6403 | D:7      | Reached XP level 9. HP: 20/79 MP: 12/12
  7527 | D:8      | Noticed a hornet
  7533 | D:8      | Killed a hornet
  7541 | D:8      | Reached skill level 8 in Fighting
  7562 | D:8      | Noticed a troll
  7564 | D:8      | Killed a troll
  7689 | D:8      | Reached skill level 5 in Maces & Flails
  7887 | D:8      | Noticed Maurice
  7902 | D:8      | Killed Maurice
  7903 | D:8      | Reached XP level 10. HP: 88/90 MP: 15/15
  8497 | D:8      | Found a radiant altar of Vehumet.
  8730 | D:9      | Noticed a two-headed ogre
  8739 | D:9      | Killed a two-headed ogre
  8773 | D:9      | Reached skill level 9 in Fighting
  8780 | D:9      | Reached ***** piety under Uskayaw
  8910 | D:9      | Found a runed translucent door.
  8911 | D:9      | Noticed Haaias's ghost (novice MiBe)
  9189 | D:9      | Killed Haaias's ghost
  9353 | D:10     | Entered Level 10 of the Dungeon
  9354 | D:10     | Upgraded the game from 0.29-a0-721-g7f417c9bbb to
                  | 0.29-a0-723-gce39da1c22
  9388 | D:10     | Found a flagged portal.
  9406 | Bailey   | Entered a bailey
  9639 | Bailey   | Reached XP level 11. HP: 80/97 MP: 17/17
 10406 | Bailey   | Reached skill level 10 in Fighting
 10425 | Bailey   | Slain by an orc warrior

Illustrated notes

Levels and vault maps discovered:
D:1:      lemuel_arrival_rhombus, layout_loops_ring,
          ebering_ecumenical_altar_mist
D:2:      layout_basic, minmay_surrounded, uniq_crazy_yiuf_cottage
D:3:      layout_basic
D:4:      layout_cave_pods, amcnicky_altar_gilded, minmay_temple_entry_trees
D:5:      layout_layer_cave, grunt_dithmenos_shadows,
          nicolae_qazlal_general_emergency
D:6:      layout_loops_ring, dk_noncrumbling_3
D:7:      layout_gridville, uniq_joseph
D:8:      layout_basic, marbit_many_paths, uniq_maurice
D:9:      layout_cave_pools, gammafunk_ghost_grave
D:10:     minmay_diamond_stairs, layout_basic, gammafunk_temple_overflow_claw,
          enter_bailey_3, uniq_fannar, uniq_gastronok, uniq_erica
Bailey:   bailey_polearm_flooded_kennysheep, bailey

Skill      XL: |  1  2  3  4  5  6  7  8  9 10 11 |
---------------+----------------------------------+-----
Axes           | 3 4 5 |  5.7
Fighting       | 4 5 6 7 8 9 10 | 10.0
Armour         | 4 5 6 7 8 9 |  9.2
Shields        | 4 5 6 7 8 9 |  9.2
Invocations    | 1 3 5 7 8 9 |  9.2
Maces & Flails | 1 3 5 6 7 |  7.1

Action                   |  1- 3 |  4- 6 |  7- 9 | 10-12 || total
-------------------------+-------+-------+-------+-------++-------
Melee: War axe           |    92 |    98 |    41 |       ||   231
       Morningstar       |       |       |    91 |   139 ||   230
       Trident           |       |       |       |    25 ||    25
 Fire: Sling             |    41 |    58 |    27 |     1 ||   127
Throw: Stone             |     4 |     3 |     2 |       ||     9
Invok: Stomp             |       |       |     5 |       ||     5
Evoke: Wand              |       |       |       |     2 ||     2
  Use: Scroll            |       |     6 |     3 |     4 ||    13
       Potion            |       |     1 |       |       ||     1
 Stab: Paralysed         |       |       |     4 |     8 ||    12
Armor: Scale mail        |    31 |    78 |       |       ||   109
       Chain mail        |       |    11 |   109 |   123 ||   243
Dodge: Dodged            |    47 |    78 |    51 |   145 ||   321
Block: Buckler           |    22 |    36 |    36 |    80 ||   174

Table legend: (Time is in decaauts)
 A = Elapsed time spent in this place.
 B = Non-inter-level travel time spent in this place.
 C = Inter-level travel time spent in this place.
 D = Time resting spent in this place.
 E = Time spent auto-exploring this place.
 F = Levels seen in this place.
 G = Mean time per level.
                   A        B        C        D        E       F      G
               +--------+--------+--------+--------+--------+-----+--------+
         Total |  10603 |  10285 |    318 |    490 |   7716 |  11 |  963.9 |
       Dungeon |   9571 |   9253 |    318 |      0 |   7716 |  10 |  957.1 |
        Bailey |   1031 |   1031 |      0 |    490 |      0 |   1 | 1031.0 |
               +--------+--------+--------+--------+--------+-----+--------+

Top non-repeatable levels by time:
     D:8: 1294 daAuts
     D:5: 1281 daAuts
     D:4: 1266 daAuts
     D:7: 1221 daAuts
  Bailey: 1031 daAuts
     D:6: 1026 daAuts
     D:2: 990 daAuts
     D:1: 865 daAuts
     D:3: 815 daAuts
     D:9: 775 daAuts
    D:10: 33 daAuts
